 Dungeon Crawl Stone Soup version 0.31.0-10-gcf4a605ca0 (webtiles) character file.

Game seed: 1550766687805099431

609 Sweeb the Ruffian (level 7, -4/46 HPs)
             Began as an Octopode Shapeshifter on Jan 26, 2024.
             Slain by a gnoll
             ... wielding a +0 halberd
              (14 damage)
             ... on level 5 of the Dungeon.
             The game lasted 00:04:47 (3615 turns).

Sweeb the Ruffian (Octopode Shapeshifter)           Turns: 3615, Time: 00:04:48

Health: -4/46      AC: -3    Str: 15    XL:     7   Next: 43%
Magic:  7/7        EV: 14    Int: 12    God:
Gold:   203        SH:  0    Dex: 12    Spells: 6/6 levels left

rFire   . .          .
                       - Unarmed
rCold   . . .        (no shield)
rNeg    . . .        (helmet currently unavailable)
rPois   .            (no amulet)
rElec   .            e - ring of willpower
rCorr   .            f - ring of see invisible
SInv    +            (no ring)
Will    +....        (no ring)
Stlth   +++          (no ring)
HPRegen 0.27/turn    (no ring)
MPRegen 0.10/turn    (no ring)
                     (no ring)

%: no passive effects
@: beast-form, corroded
A: beast (slay +2), almost no armour, amphibious, 8 rings, camouflage 1,
gelatinous body 1, (nimble swimmer 1), tentacles
a: Begin Untransformation


You were on level 5 of the Dungeon.
You were a hulking beast.
You visited 1 branch of the dungeon, and saw 5 of its levels.
You also visited: Sewer.

You collected 203 gold pieces.

Inventory:

Jewellery
 e - a ring of willpower (left tentacle)
 f - a ring of see invisible (right tentacle)
 n - an amulet of reflection
Talismans
 b - a beast talisman
 c - a flux talisman
Wands
 l - a wand of flame (28)
Scrolls
 k - a scroll of identify {unknown}
 p - a scroll of teleportation
Potions
 a - a potion of lignification
 d - 2 potions of haste {unknown}
 g - 2 potions of curing {unknown}
 h - a potion of cancellation {unknown}
 i - a potion of degeneration {unknown}
 j - a potion of heal wounds {unknown}
 m - 2 potions of might {unknown}
 o - 2 potions of enlightenment {unknown}


   Skills:
 + Level 3.0 Fighting
 + Level 3.5 Dodging
 + Level 3.6 Stealth
 * Level 5.1 Unarmed Combat
 * Level 4.7 Shapeshifting


You had 6 spell levels left.
You didn't know any spells.
Your spell library contained the following spells:

 Spells                   Type           Power      Damage    Failure   Level
 Jinxbite                 Hex            0%         N/A       45%         2
 Mercury Vapours          Alch/Air       0%         N/A       45%         2
 Mephitic Cloud           Conj/Alch/Air  0%         N/A       69%         3
 Freezing Cloud           Conj/Ice/Air   0%         6-21      100%        5
 Yara's Violent Unravell  Hex/Alch       0%         3d3       100%        5
 Enfeeble                 Hex            0%         N/A       100%        7


Dungeon Overview and Level Annotations

Branches:
Dungeon (5/15)              Sewer (visited)
 Temple: D:4-7

Altars:


Innate Abilities, Weirdness & Mutations

You are a hulking beast.
Your limbs bulge with bestial killing power. (Slay +2)
You cannot wear most types of armour.
You are amphibious.
You can wear up to eight rings at the same time.
Your skin changes colour to match your surroundings (Stealth+).
Your rubbery body absorbs attacks. (AC +1, EV +1)
((You are camouflaged when in or above water. (Stealth+)))
You have tentacles for arms and can constrict up to eight enemies at once.


Message History

You squeeze the orc priest!
The orc priest is severely wounded.
You constrict the orc priest.
A gnoll comes into view. It is wielding a +0 halberd.
The orc hits you with a +0 whip. The orc priest barely misses you.
The gnoll shouts!
You bludgeon the orc priest!
You kill the orc priest!
A hound comes into view.
The orc hits you with a +0 whip.
Your Fighting skill increases to level 3!
The jelly attacks as it pursues you! The jelly barely misses you.
The orc attacks as it pursues you! The orc misses you.
The jelly attacks as it pursues you! The jelly closely misses you.
The orc attacks as it pursues you! The orc closely misses you.
You closely miss the orc. You grab the orc. You squeeze the orc.
The orc is heavily wounded.
You constrict the orc. The orc completely misses you.
You bludgeon the orc!
You kill the orc!
You bludgeon the jelly!
Your tentacles burn!
Your tentacle-slap misses the jelly.
You squeeze the jelly.
The jelly is almost dead.
The jelly closely misses you.
You tentacle-slap the jelly.
Your tentacles burn!
The jelly is almost dead.
The jelly hits you. The acid corrodes you!
You are splashed with acid!
You completely miss the jelly.
The jelly is almost dead.
The jelly hits you.
You are splashed with acid!
You tentacle-slap the jelly but do no damage.
Your tentacles burn!
* * * LOW HITPOINT WARNING * * *
You squeeze the jelly.
You kill the jelly!
You bludgeon the orc!
You kill the orc!
The gnoll closely misses you. The gnoll hits you with a +0 halberd!
You die...

#.....#####[..........#
.h#.##.....##...........#
:<....g....##...........#
......)........>.........
......#o...#.............
..#.# #.o..#.............
........#.#.............
. ..#.####.#......###....
#...hgo####'### #....
######## #.# #.... #.#
#.... #.# #.... #.# #....
#+# #.... #.... #....
#....


You could see a gnoll and an orc.

Vanquished Creatures
  2 kobold brigands (Sewer)
  2 brain worms (Sewer)
  2 orc priests
  A jelly (D:5)
  An iguana (D:5)
  Natasha (thrice) (D:2)
  7 adders
  2 river rats (Sewer)
  A dart slug (D:3)
  A ribbon worm (D:3)
  7 orcs
  4 bats
  2 endoplasms
  2 giant cockroaches
  2 goblins (D:3)
  8 hobgoblins
  3 jackals (Sewer)
  2 quokkas (D:1)
  6 ball pythons
  4 frilled lizards
  9 kobolds
  6 rats
77 creatures vanquished.

Notes
Turn   | Place    | Note
-------+----------+-------------------------------------------
     0 | D:1      | Sweeb the Octopode Shapeshifter began the quest for the
                  | Orb.
     0 | D:1      | Reached XP level 1. HP: 13/13 MP: 1/1
   276 | D:1      | Reached XP level 2. HP: 18/18 MP: 2/2
   369 | D:1      | Found a faded altar of an unknown god.
   908 | D:2      | Noticed Natasha
   914 | D:2      | Killed Natasha
   915 | D:2      | Reached skill level 1 in Stealth
   915 | D:2      | Reached XP level 3. HP: 23/23 MP: 3/3
  1190 | D:2      | Noticed Natasha
  1199 | D:2      | Killed Natasha
  1200 | D:2      | Reached XP level 4. HP: 23/29 MP: 4/4
  1447 | D:2      | Noticed Natasha
  1461 | D:2      | Killed Natasha
  1462 | D:2      | Reached XP level 5. HP: 24/34 MP: 5/5
  1619 | D:3      | Found a glowing drain.
  1640 | Sewer    | Entered a sewer
  1668 | Sewer    | Reached skill level 4 in Unarmed Combat
  1921 | Sewer    | Noticed a kobold brigand
  1930 | Sewer    | Reached XP level 6. HP: 30/40 MP: 6/6
  2215 | Sewer    | Reached XP level 7. HP: 27/45 MP: 7/7
  3519 | D:4      | You fall into a shaft and drop 1 floor!
  3519 | D:5      | Entered Level 5 of the Dungeon
  3599 | D:5      | Reached skill level 5 in Unarmed Combat
  3615 | D:5      | Slain by a gnoll

Illustrated notes

Levels and vault maps discovered:
D:1:      eino_arrival_water_cross, layout_loops_corners,
          nicolae_ecumenical_lake_church, serial_bayou_pond_c
D:2:      layout_rooms, uniq_natasha
D:3:      layout_basic, cheibrodos_sewer_entry_drain,
          chequers_serial_rivers_large_b
D:4:      layout_rooms, minmay_temple_entry_antechambers, corexii_corridor_pit
D:5:      layout_basic, serial_shops, shop, dreamdust_gnoll_farm

Skill      XL: |  1  2  3  4  5  6  7 |
---------------+----------------------+-----
Stealth        | 1 2 3 |  3.6
Fighting       | 2 3 |  3.0
Unarmed Combat | 4 5 |  5.1
Dodging        | 3 |  3.5
Shapeshifting  | 4 |  4.7

Action                     |  1- 3 |  4- 6 |  7- 9 || total
---------------------------+-------+-------+-------++-------
  Melee: Unarmed           |    45 |    67 |    64 ||   176
         Tentacles         |    11 |    21 |    16 ||    48
         Constrict         |    10 |    15 |    15 ||    40
         Punch             |       |     3 |     3 ||     6
    Use: Scroll            |     1 |     2 |     7 ||    10
   Stab: Sleeping          |     8 |     4 |     4 ||    16
         Distracted        |       |       |     1 ||     1
 Armour: Skin              |     9 |    34 |    21 ||    64
  Dodge: Dodged            |    18 |    38 |    30 ||    86
